[Event "ICC tourney 2783 (30 10)"]
[Site "Internet Chess Club"]
[Date "2022.01.02"]
[Round "5"]
[White "Krishnan, Ashvath:ashvathk5"]
[Black "BLIZNIUK, STANISLAW:Sbliz20"]
[Result "0-1"]
[ICCResult "White checkmated"]
[WhiteElo "1282"]
[BlackElo "1443"]
[Opening "Caro-Kann: exchange variation"]
[ECO "B13"]
[NIC "CK.02"]
[Time "20:00:27"]
[PlyCount "134"]
[TimeControl "1800+10"]

1. e4 c6 2. d4 d5 3. exd5 cxd5 4. Nf3 Nc6 5. Nc3 Nf6 6. Bf4 Bg4 7. Be2 e6 8.
h3 Bxf3 9. Bxf3 Bd6 10. Bxd6 Qxd6 11. O-O O-O 12. Re1 Rfe8 13. Ne2 Rac8 14.
c3 Na5 15. Nc1 Nc4 16. Nd3 a5 17. Qe2 b5 18. Nc5 Nd7 19. Nd3 Ndb6 20. Nc5 b4
21. Rac1 bxc3 22. Rxc3 Nd7 23. b3 Ncb6 24. Rec1 Qf4 25. Qd3 Nxc5 26. Rxc5
Rxc5 27. Rxc5 Nd7 28. Rxa5 Qc1+ 29. Kh2 Qc7+ 30. g3 Qxa5 31. Qe2 Ra8 32. a4
Qb4 33. Qc2 Qe1 34. Qc6 Qxf2+ 35. Bg2 Rd8 36. Qc7 Qf6 37. b4 Nf8 38. b5 Rd7
39. Qc5 Qd8 40. b6 Rb7 41. a5 Nd7 42. Qc6 Qa8 43. Bf1 Nxb6 44. axb6 Qb8 45.
Bg2 Rxb6 46. Qc1 h6 47. h4 Rb4 48. Qe3 Qb6 49. Qc3 Qxd4 50. Qc8+ Kh7 51. Qf8
f5 52. Qf7 Qe3 53. h5 Rg4 54. Qg6+ Rxg6 55. hxg6+ Kxg6 56. g4 Qf4+ 57. Kh1
Qxg4 58. Kh2 f4 59. Bxd5 Qe2+ 60. Kh3 Qd3+ 61. Kh2 Qxd5 62. Kh3 f3 63. Kh4
Qg5+ 64. Kh3 f2 65. Kh2 Qg1+ 66. Kh3 Kf5 67. Kh4 Qg4# {White checkmated} 0-1

[Event "ICC tourney 2783 (30 10)"]
[Site "Internet Chess Club"]
[Date "2022.01.02"]
[Round "5"]
[White "HOSUR, SANMITA:phosur"]
[Black "KOGAN, NIKITA:K09-17190210"]
[Result "0-1"]
[ICCResult "White resigns"]
[WhiteElo "1306"]
[BlackElo "1182"]
[Opening "QGD Slav: 4.Nc3"]
[ECO "D15"]
[NIC "SL.03"]
[Time "20:00:41"]
[PlyCount "118"]
[TimeControl "1800+10"]

1. d4 d5 2. c4 c6 3. Nc3 Nf6 4. Nf3 Bf5 5. e3 e6 6. Bd3 Bg6 7. Bxg6 hxg6 8.
Ne5 Bd6 9. f4 Nbd7 10. c5 Bxe5 11. fxe5 Nh5 12. O-O Qh4 13. Qf3 f5 14. Bd2
g5 15. Be1 Qg4 16. Qxg4 fxg4 17. b4 a6 18. Bd2 g3 19. h3 Nf8 20. e4 Nh7 21.
exd5 exd5 22. Rf3 Ke7 23. Raf1 Rhf8 24. Ne2 Rxf3 25. Rxf3 Rf8 26. Rxf8 Kxf8
27. Be1 Nf4 28. Nxg3 Nd3 29. Bd2 Kf7 30. Nf5 Nf8 31. Nd6+ Ke6 32. Nxb7 Ng6
33. a4 Ngf4 34. Bxf4 gxf4 35. Na5 Nxb4 36. Kf2 g5 37. Kf3 Kf5 38. Nb3 Nd3
39. Na5 Nb4 40. Nb7 Nc2 41. Nd8 Nxd4+ 42. Kf2 Kxe5 43. Nf7+ Kf5 44. Nd6+ Ke6
45. g3 fxg3+ 46. Kxg3 Nf5+ 47. Kg4 Nxd6 48. cxd6 d4 49. d7 Kxd7 50. Kf3 Ke6
51. Ke4 c5 52. Kd3 Kd5 53. a5 c4+ 54. Kd2 Ke4 55. Ke2 c3 56. Kd1 d3 57. Kc1
Ke3 58. Kd1 c2+ 59. Kc1 Ke2 {White resigns} 0-1

[Event "ICC tourney 2783 (30 10)"]
[Site "Internet Chess Club"]
[Date "2022.01.02"]
[Round "5"]
[White "LAIDO, MATTHEW:Dabao"]
[Black "AYYAPPAN, ANUSHKA:Anushkaa"]
[Result "0-1"]
[ICCResult "White resigns"]
[WhiteElo "1062"]
[BlackElo "1303"]
[Opening "Giuoco Pianissimo: Italian four knights variation"]
[ECO "C50"]
[NIC "IG.02"]
[Time "20:00:31"]
[PlyCount "108"]
[TimeControl "1800+10"]

1. e4 e5 2. Nf3 Nc6 3. Bc4 Bc5 4. Nc3 Nf6 5. d3 h6 6. Be3 Bb6 7. Qe2 d6 8.
O-O-O Na5 9. Bb3 Nxb3+ 10. axb3 Bxe3+ 11. fxe3 c6 12. d4 Qc7 13. Qc4 Ng4 14.
Qe2 O-O 15. h3 Nf6 16. Rdg1 b5 17. g4 b4 18. Na4 Nxe4 19. Rg2 exd4 20. exd4
d5 21. Ne5 f6 22. Nd3 Ng3 23. Rxg3 Qxg3 24. Nxb4 Qf4+ 25. Qd2 Qxd2+ 26. Kxd2
Bd7 27. Nc5 Be8 28. Re1 f5 29. gxf5 Rxf5 30. Re7 Rf7 31. Re6 Rc8 32. Ncd3
Rfc7 33. Ne5 Kf8 34. Na6 Re7 35. Rd6 Rb7 36. Nc5 Re7 37. Ne6+ Kg8 38. Nc5
Kh7 39. Kc3 a5 40. b4 axb4+ 41. Kxb4 Rb8+ 42. Kc3 Rc8 43. b4 Ra7 44. Kb2 g5
45. c3 h5 46. Ncd3 Rg7 47. Nf2 Rb7 48. Nf3 Rg7 49. Kc2 g4 50. Ng1 Bd7 51. h4
Rf8 52. Nd1 g3 53. Kd2 Rf1 54. Ne2 g2 {White resigns} 0-1

[Event "ICC tourney 2783 (30 10)"]
[Site "Internet Chess Club"]
[Date "2022.01.02"]
[Round "5"]
[White "PULIJALA, AKSHAJ:akshajp"]
[Black "BHAGWAGAR, SARVIN:TheSuperKnight"]
[Result "0-1"]
[ICCResult "White resigns"]
[WhiteElo "1558"]
[BlackElo "1193"]
[Opening "Queen's pawn: Chigorin variation"]
[ECO "D00"]
[NIC "QP.08"]
[Time "20:00:30"]
[PlyCount "84"]
[TimeControl "1800+10"]

1. d4 d5 2. Nc3 Nf6 3. Bf4 c5 4. e3 e6 5. Nf3 Nc6 6. Nb5 Rb8 7. Bxb8 Nxb8 8.
Nc3 Nc6 9. Bb5 Bd6 10. O-O O-O 11. Bxc6 bxc6 12. Ne2 Ne4 13. Ng3 f5 14. c3
Qf6 15. dxc5 Nxc5 16. Nd4 Bd7 17. f4 Ne4 18. Nxe4 fxe4 19. Ne2 Qg6 20. Ng3
Be8 21. Qe2 Rf7 22. Qh5 Qf6 23. Qg5 Qxg5 24. fxg5 Rb7 25. b3 Bc5 26. Rfe1
Bd6 27. Ne2 c5 28. Rad1 Be5 29. g3 Rd7 30. Rd2 Bh5 31. Rc1 Rf7 32. Nf4 Bxf4
33. gxf4 Bf3 34. c4 d4 35. exd4 cxd4 36. Rxd4 Rxf4 37. c5 Rg4+ 38. Kf1 Rg2
39. c6 Rxh2 40. Rdc4 e3 41. Rg4 Bxg4 42. c7 Rh1+ {White resigns} 0-1

[Event "ICC tourney 2783 (30 10)"]
[Site "Internet Chess Club"]
[Date "2022.01.02"]
[Round "5"]
[White "PRABHU, TANYA GURPUR MADKE:BeBunnie9"]
[Black "BRUDNO, STEPHEN:StevChess01"]
[Result "0-1"]
[ICCResult "White checkmated"]
[WhiteElo "1159"]
[BlackElo "1440"]
[Opening "Sicilian: O'Kelly variation"]
[ECO "B28"]
[NIC "SI.43"]
[Time "20:00:31"]
[PlyCount "126"]
[TimeControl "1800+10"]

1. e4 c5 2. Nf3 a6 3. d4 cxd4 4. Nxd4 Nf6 5. Nc3 e5 6. Nf3 Bb4 7. Bd3 d5 8.
exd5 e4 9. Qe2 O-O 10. O-O exf3 11. Qxf3 Bxc3 12. bxc3 Qxd5 13. Qg3 Bf5 14.
c4 Qd7 15. Bxf5 Qxf5 16. Qb3 Nbd7 17. Bb2 Qe4 18. Rfe1 Qc6 19. Rad1 Rfe8 20.
Qc3 Rxe1+ 21. Rxe1 b5 22. Qg3 Qxc4 23. h3 Qxc2 24. Ba1 Rc8 25. Qa3 Qc6 26.
Qg3 h6 27. Qb3 a5 28. Bxf6 Nxf6 29. Re7 Qc4 30. Qf3 Qxa2 31. Qb7 Qc4 32. Re1
Qc6 33. Qa7 a4 34. Qd4 Qc3 35. Qd1 a3 36. Qb1 a2 37. Qd1 a1=Q 38. Qxa1 Qxa1
39. Rxa1 Rb8 40. Rb1 b4 41. Rb3 Ne4 42. f3 Nc5 43. Rb2 b3 44. Kf1 Nd3 45.
Rb1 b2 46. Ke2 Rd8 47. Kd2 Kf8 48. Kc3 Ke7 49. Rd1 h5 50. Rxd3 Rxd3+ 51.
Kxd3 b1=Q+ 52. Ke3 h4 53. Kf4 Qb4+ 54. Ke3 g5 55. Kd3 Qf4 56. Ke2 Qg3 57.
Kf1 f5 58. Kg1 g4 59. fxg4 fxg4 60. hxg4 h3 61. Kf1 Qxg2+ 62. Ke1 h2 63. g5
h1=Q# {White checkmated} 0-1